 Dungeon Crawl Stone Soup version 0.27.1-34-g3ba077fa99 (webtiles) character file.

Game seed: 12855907260475428132

987 belegose the Ruffian (level 7, -5/68 HPs)
             Began as a Troll Earth Elementalist on Jan 10, 2022.
             Slain by a vampire mosquito (10 damage)
             ... on level 5 of the Dungeon.
             The game lasted 00:11:58 (3406 turns).

belegose the Ruffian (Troll Earth Elementalist)     Turns: 3406, Time: 00:11:59

Health: -5/68      AC:  5    Str: 17    XL:     7   Next: 97%
Magic:  7/7        EV:  9    Int: 13    God:
Gold:   235        SH:  0    Dex: 10    Spells: 7/8 levels left

rFire    . . .     SeeInvis +     - Unarmed
rCold    . . .     Faith    .   (no shield)
rNeg     . . .     Spirit   .   b - +1 robe
rPois    .         Reflect  .   (helmet restricted)
rElec    .         Harm     .   (no cloak)
rCorr    .         Rampage  .   (gloves unavailable)
Will     .....                  (boots unavailable)
Stlth    +.........             (no amulet)
HPRegen  1.21/turn              d - ring of see invisible
MPRegen  0.10/turn              (no ring)

@: flying
A: large, unfitting armour, claws 3, regeneration 1, shaggy fur 1, tough skin 1
a: no special abilities


You were on level 5 of the Dungeon.
You visited 1 branch of the dungeon, and saw 5 of its levels.
You also visited: Sewer.

You collected 235 gold pieces.

Inventory:

Hand Weapons
 l - a +2 falchion of holy wrath
Missiles
 c - 179 stones (quivered)
 e - 15 poisoned darts
 r - 2 curare-tipped darts
Armour
 b - a +1 robe (worn)
Jewellery
 d - a ring of see invisible (left claw)
Wands
 m - a wand of flame (44)
Scrolls
 a - 3 scrolls of enchant armour
 g - a scroll of fog {unknown}
 h - a scroll of identify
 i - a scroll of magic mapping
 k - a scroll of teleportation {unknown}
Potions
 n - a potion of magic
 q - a potion of cancellation


   Skills:
 + Level 3.9 Fighting
 + Level 4.3 Throwing
 - Level 1.5 Dodging
 - Level 1.0 Stealth
 + Level 4.8 Unarmed Combat
 - Level 1.2 Spellcasting
 - Level 0.6 Transmutations
 - Level 2.6 Earth Magic
 + Level 2.0 Evocations


You had 7 spell levels left.
You knew the following spells:

 Your Spells              Type           Power      Damage    Failure   Level
a - Sandblast             Erth           14%        2d6       9%          1

Your spell library contained the following spells:

 Spells                   Type           Power      Damage    Failure   Level
 Passwall                 Tmut/Erth      4%         N/A       22%         2
 Shock                    Conj/Air       0%         1d3       28%         1
 Stone Arrow              Conj/Erth      8%         3d7       43%         3
 Petrify                  Tmut/Erth      5%         N/A       80%         4


Dungeon Overview and Level Annotations

Branches:
Dungeon (5/15)              Sewer (visited)
 Temple: D:4-7

Altars:
Kikubaaqudgha
Sif Muna
Vehumet
Wu Jian

Annotations:
D:2 1 runed translucent door, exclusion: door, Crazy Yiuf
D:3 Sigmund


Innate Abilities, Weirdness & Mutations

You are too large for most types of armour.
You have claws for hands.
Your natural rate of healing is unusually fast.
You are covered in fur. (AC +1)
You have tough skin. (AC +1)


Message History

Your orc's corpse dissolves into shadows!
Unknown command.
You feel better.
Your iguana bites the vampire mosquito!
Unknown command.
You closely miss the vampire mosquito.
The vampire mosquito is almost destroyed.
The vampire mosquito bites you.
* * * LOW HITPOINT WARNING * * *
The vampire mosquito draws strength from your injuries!
Your iguana barely misses the vampire mosquito.
The vampire mosquito bites you!
* * * LOW HITPOINT WARNING * * *
The vampire mosquito draws strength from your injuries!
Your orc barely misses the vampire mosquito.
You feel better. The vampire mosquito bites you.
* * * LOW HITPOINT WARNING * * *
The vampire mosquito draws strength from your injuries!
Your orc hits the vampire mosquito with a +0 club.
Your iguana barely misses the vampire mosquito.
The vampire mosquito bites you.
* * * LOW HITPOINT WARNING * * *
The vampire mosquito draws strength from your injuries!
Okay, then.
You can't see any enemies this would affect, really read the scroll of fear?
As you read the scroll of fear, it crumbles to dust.
You assume a fearsome visage.
The vampire mosquito is unaffected.
The vampire mosquito bites you but does no damage.
Your orc hits the vampire mosquito with a +0 club.
Your iguana barely misses the vampire mosquito.
The vampire mosquito bites you.
* * * LOW HITPOINT WARNING * * *
The vampire mosquito draws strength from your injuries!
Your orc barely misses the vampire mosquito.
Your orc priest hits the vampire mosquito with a +0 dagger.
Unknown command.
Okay, then.
As you read the scroll labelled ZULILA EZXO, it crumbles to dust.
You feel aware of your surroundings.
It was a scroll of magic mapping.
The vampire mosquito bites you!
You die...

,*##.........$...#..#≈≈≈≈#..#
,8*#.###.##....##...#≈≈≈≈#..#
,**###*####....#....##≈≈##.##
,**8***8**#....#.#*.)#≈≈#..#
,,,,,,....#..##..##.##)'##)#
,,,,,,.........>....#≈.≈≈#[#
,,,,,,,........loo..######.#
***8**#8#......oy..........#
*****####.......@....##.####
,,,..................##.#
***..#.##............##.#
*.##.#............>##.#
*#.##.#................#
#*..*#...########...#####
##.#*#...# #...# ...# #...#
##### #.####...#


You could see a vampire mosquito (ally target), a friendly iguana (summoned), a
friendly orc priest (summoned) and 2 friendly orcs.

Vanquished Creatures
  2 vampire mosquitoes (D:4)
  3 kobold brigands (Sewer)
  A howler monkey (D:5)
  A hound (D:4)
  An iguana (D:4)
  7 orc wizards (D:4)
  A hound zombie (D:4)
  4 gnolls (D:4)
  8 adders
  An ufetubus (D:5)
  5 worms
  7 orcs
  8 ball pythons
  9 endoplasms
  4 giant cockroaches
  10 goblins
  6 hobgoblins
  4 jackals (D:2)
  11 kobolds
  6 quokkas
  6 bats
  4 frilled lizards
  7 rats
116 creatures vanquished.

Notes
Turn   | Place    | Note
-------+----------+-------------------------------------------
     0 | D:1      | belegose the Troll Earth Elementalist began the quest for
                  | the Orb.
     0 | D:1      | Reached XP level 1. HP: 16/16 MP: 1/1
    90 | D:1      | Reached XP level 2. HP: 26/26 MP: 2/2
   124 | D:1      | Reached skill level 1 in Unarmed Combat
   169 | D:1      | Reached skill level 1 in Throwing
   235 | D:1      | Reached skill level 1 in Fighting
   445 | D:1      | Reached XP level 3. HP: 33/33 MP: 3/3
   633 | D:1      | Found a faded altar of an unknown god.
   950 | D:2      | Reached XP level 4. HP: 33/41 MP: 4/4
  1016 | D:2      | Found a runed translucent door.
  1017 | D:2      | Noticed Crazy Yiuf
  1176 | D:2      | Found an ornate altar of the Wu Jian Council.
  1353 | D:3      | Noticed Sigmund
  2041 | D:4      | Found a shimmering blue altar of Sif Muna.
  2053 | D:4      | Reached XP level 5. HP: 43/49 MP: 5/5
  2061 | D:4      | Found an ancient bone altar of Kikubaaqudgha.
  2086 | D:4      | Found a radiant altar of Vehumet.
  2162 | D:4      | Reached XP level 6. HP: 54/59 MP: 6/6
  2201 | D:4      | Got Vehumet's Collected Works on Confrontation
  2613 | D:5      | Entered Level 5 of the Dungeon
  2624 | D:5      | Noticed a vampire mosquito
  2640 | D:4      | Killed a vampire mosquito
  2644 | D:5      | Noticed a vampire mosquito
  2645 | D:5      | Noticed a vampire mosquito
  2676 | D:4      | Killed a vampire mosquito
  2677 | D:4      | Reached skill level 1 in Evocations
  2677 | D:4      | Reached XP level 7. HP: 39/67 MP: 7/7
  2705 | D:5      | Noticed a vampire mosquito
  2883 | D:5      | Found a glowing drain.
  2887 | Sewer    | Entered a sewer
  3390 | D:5      | HP: 1/68 [vampire mosquito (7)]
  3403 | D:5      | HP: 2/68 [vampire mosquito (11)]
  3406 | D:5      | Slain by a vampire mosquito

Illustrated notes

Levels and vault maps discovered:
D:1:      minmay_arrival_stair_chambers, layout_loops_ring,
          hellmonk_ecumenical_altar_leap_of_faith, grunt_decor_one_mirror,
          kennysheep_pointless_box, chequers_garden, st_stairs_14,
          minmay_indecisive_spiral
D:2:      layout_rooms, basic_altar, uniq_crazy_yiuf_cottage
D:3:      layout_basic, serial_rivers, chequers_serial_rivers_marsh,
          chequers_serial_rivers_marsh, chequers_serial_rivers_large_a,
          chequers_serial_rivers_small_a, chequers_serial_rivers_micro_a,
          chequers_serial_rivers_micro_c, gammafunk_ghost_split, uniq_sigmund
D:4:      layout_loops_ring, palyth_temple_overflow_mages
D:5:      layout_rooms, gup_sewer_entry_bowl, serial_corexii_hall,
          corexii_hall_statues_l, chequers_hall_statues_wall_a,
          corexii_hall_statues_l, item_on_display_a

Skill      XL: |  1  2  3  4  5  6  7 |
---------------+----------------------+-----
Unarmed Combat | 1 2 3 4 |  4.8
Throwing       | 1 2 3 4 |  4.3
Fighting       | 1 2 3 |  3.9
Evocations     | 1 2 |  2.0
Dodging        | |  1.5
Stealth        | |  1.0
Spellcasting   | |  1.2
Transmutations | |  0.6
Earth Magic    | |  2.6

Action                   |  1- 3 |  4- 6 |  7- 9 || total
-------------------------+-------+-------+-------++-------
Melee: Unarmed           |   119 |   197 |   107 ||   423
       Punch             |       |     1 |     2 ||     3
Throw: Stone             |       |       |     4 ||     4
  Use: Scroll            |       |       |     7 ||     7
       Potion            |       |       |     7 ||     7
 Stab: Sleeping          |     7 |     2 |       ||     9
Armor: Robe              |    39 |    43 |    32 ||   114
Dodge: Dodged            |    59 |    74 |    45 ||   178
